 Dungeon Crawl Stone Soup version 0.27-a0-906-g0a00ce8 (webtiles) character file.

Game seed: 14660105124513212059

57 Nithhogg the Skirmisher (level 3, -2/29 HPs)
             Began as a Demonspawn Fighter on Apr 7, 2021.
             Slain by a gnoll
             ... wielding a +0 halberd
              (12 damage)
             ... on level 2 of the Dungeon.
             The game lasted 00:02:42 (1444 turns).

Nithhogg the Skirmisher (Demonspawn Fighter)        Turns: 1444, Time: 00:02:43

Health: -2/29      AC: 13    Str: 23    XL:     3   Next: 73%
Magic:  3/3        EV:  4    Int:  9    God:
Gold:   54         SH:  9    Dex: 12    Spells: 2/2 levels left

rFire    . . .     SeeInvis .   a - +0 long sword
rCold    . . .     Faith    .   c - +0 kite shield
rNeg     . . .     Spirit   .   j - +0 plate armour
rPois    .         Reflect  .   (no helmet)
rElec    .         Harm     .   (no cloak)
rCorr    .         Rampage  .   (no gloves)
Will     .....                  (no boots)
Stlth    ..........             (no amulet)
HPRegen  0.09/turn              e - +6 ring of strength
MPRegen  0.08/turn              (no ring)

@: no status effects
A: icy blue scales 1
a: no special abilities


You were on level 2 of the Dungeon.
You visited 1 branch of the dungeon, and saw 2 of its levels.

You collected 54 gold pieces.

Inventory:

Hand Weapons
 a - a +0 long sword (weapon)
Armour
 c - a +0 kite shield (worn)
 j - a +0 plate armour (worn)
 k - a +2 buckler of protection
Jewellery
 e - a +6 ring of strength (left hand)
Scrolls
 f - 2 scrolls of teleportation {unknown}
 h - a scroll of identify {unknown}
 l - a scroll of fear {unknown}
Potions
 d - 2 potions of might
 g - a potion of haste {unknown}
 i - a potion of invisibility {unknown}


   Skills:
 + Level 3.4 Fighting
 + Level 2.3 Long Blades
 + Level 3.2 Armour
 + Level 3.1 Shields


You had 2 spell levels left.
You didn't know any spells.
Your spell library contained the following spells:

 Spells                   Type           Power      Damage    Failure   Level
 Summon Lightning Spire   Summ/Air       0%         N/A       100%        4
 Silence                  Hex/Air        0%         N/A       100%        5
 Conjure Ball Lightning   Conj/Air       0%         3x3d6     100%        6
 Tornado                  Air            0%         N/A       100%        9


Dungeon Overview and Level Annotations

Branches:
Dungeon (2/15)

Altars:

Shops:
D:2 [[

Annotations:
D:2 jewelled plate shop


Innate Abilities, Weirdness & Mutations

You are partially covered in icy blue scales. (AC +2)


Message History

You slash the gnoll!
You kill the gnoll!
You closely miss the frilled lizard.
The frilled lizard bites you but does no damage.
A gnoll comes into view. It is wielding a +0 flail.
The gnoll hits you from afar with a +0 halberd.
You block the frilled lizard's attack.
You hit the frilled lizard.
You kill the frilled lizard!
The gnoll hits you from afar with a +0 halberd.
The rat bites you but does no damage.
The gnoll hits you from afar with a +0 halberd!
You are too injured to fight recklessly!
You are too injured to fight recklessly!
You hit the rat.
You kill the rat!
You block the gnoll's attack.
There are monsters nearby!
You hit the frilled lizard.
The frilled lizard is heavily wounded.
The frilled lizard bites you but does no damage.
The gnoll hits you but does no damage.
The frilled lizard bites you but does no damage.
You block the gnoll's attack.
You closely miss the frilled lizard.
The frilled lizard is heavily wounded.
The frilled lizard bites you but does no damage.
The gnoll hits you but does no damage. You block the frilled lizard's attack.
You slash the frilled lizard!
You kill the frilled lizard!
You block the gnoll's attack.
A goblin comes into view. It is wielding a +0 dagger.
You block the gnoll's attack. The gnoll hits you with a +0 flail.
You hit the gnoll.
The gnoll is lightly wounded.
The gnoll hits you but does no damage. x2
You hit the gnoll.
The gnoll is heavily wounded.
The gnoll hits you from afar with a +0 halberd!
You die...

#.. .. .. #......
#. #.......# #.##
#.......# g.# #
#.......# # #g#.#
#.......#
###.##@#.# ......#
#........# #.#.##
#.####.### #....##
#.# ###.....## #.#
#........#
#.######.###.##.#
#.....[..#...##.##
##########.####...
#. ####


You could see 2 gnolls.

Vanquished Creatures
  A gnoll (D:2)
  8 endoplasms
  A giant cockroach (D:2)
  7 goblins
  5 hobgoblins
  3 jackals (D:2)
  2 kobolds (D:1)
  6 ball pythons
  A bat (D:1)
  4 frilled lizards
  2 rats
40 creatures vanquished.

Notes
Turn   | Place    | Note
-------+----------+-------------------------------------------
     0 | D:1      | Nithhogg the Demonspawn Fighter began the quest for the
                  | Orb.
     0 | D:1      | Reached XP level 1. HP: 18/18 MP: 1/1
    68 | D:1      | Gained mutation: You are partially covered in icy blue
                  | scales. (AC +2) [demonic ancestry]
    68 | D:1      | Reached XP level 2. HP: 11/24 MP: 2/2
   850 | D:1      | Reached XP level 3. HP: 24/29 MP: 3/3
  1182 | D:2      | Found Jadiddoe's Antique Armour Shop.
  1347 | D:2      | Found Wiry's Armour Emporium.
  1444 | D:2      | Slain by a gnoll

Illustrated notes

Levels and vault maps discovered:
D:1:      psy_arrival_statuary, layout_basic, minmay_surrounded
D:2:      layout_loops_cross, serial_shops, shop, shop, shop, shop,
          nicolae_shop_waterfront, serial_glass, glass_columns_a,
          glass_columns_a, minmay_domino_4, uniq_natasha

Skill      XL: |  1  2 |
---------------+-------+-----
Long Blades    | 2 |  2.3
Armour         | 3 |  3.2
Shields        | 3 |  3.1
Fighting       | |  3.4

Action                   || total
-------------------------++-------
Melee: Long sword        ||   104
Armor: Scale mail        ||    59
       Plate armour      ||    11
Dodge: Dodged            ||    36
Block: Kite shield       ||    54
       Rpst.: Long sword ||    15

Table legend: (Time is in decaauts)
 A = Elapsed time spent in this place.
 B = Non-inter-level travel time spent in this place.
 C = Inter-level travel time spent in this place.
 D = Time resting spent in this place.
 E = Time spent auto-exploring this place.
 F = Levels seen in this place.
 G = Mean time per level.
                   A        B        C        D        E       F      G
               +--------+--------+--------+--------+--------+-----+--------+
         Total |   1494 |   1463 |     31 |      0 |   1137 |   2 |  747.0 |
       Dungeon |   1494 |   1463 |     31 |      0 |   1137 |   2 |  747.0 |
               +--------+--------+--------+--------+--------+-----+--------+

Top non-repeatable levels by time:
     D:1: 1135 daAuts
     D:2: 359 daAuts
